[Event "XVI Memorial Lezcano Montalvo 2024"]
[Site "Gran Canaria"]
[Date "2024.03.27"]
[Round "5.3"]
[White "Kurajica, Bojan"]
[Black "Perez Guerra, Raul"]
[Result "1/2-1/2"]
[ECO "E15"]
[WhiteElo "2444"]
[BlackElo "2250"]
[Annotator "TA"]
[PlyCount "68"]
[EventDate "2024.03.23"]
[EventType "swiss"]
[EventCountry "ESP"]
[SourceTitle "playchess.com"]
[Source "ChessBase"]
[SourceQuality "1"]
[TimeControl "5400+30"]

1. Nf3 Nf6 2. d4 e6 3. c4 b6 4. g3 Ba6 5. b3 Bb4+ 6. Bd2 Be7 7. Bg2 c6 8. O-O d5 9. Bc3 O-O 10. Nfd2 c5 11. cxd5 Nxd5 12. dxc5 Bxc5 13. Bb2 Nc6 14. a3 Rc8 15. Ne4 Be7 16. b4 f5 17. Nec3 Nxc3 18. Nxc3 {[%emt 0:00:06] Threatens to win with b5.} Bf6 19. Qa4 Qd2 (19... Bxc3 $11 20. Bxc3 Bxe2 21. Bxc6 Bxf1 22. Rxf1 b5 23. Qxa7 (23. Qxb5 Qd6 $11) 23... Qc7 24. Qxc7 Rxc7 25. Bxg7 Kxg7 26. Bxb5 Rc3) 20. Rab1 (20. Qxa6 $16 {[%cal Oc3a4] Black must now prevent Na4!} Qxb2 21. Na4) 20... Bxe2 $14 21. Nxe2 Bxb2 22. Bxc6 Qxe2 23. Rfe1 Qd2 24. Rbd1 (24. Rxe6 Bd4 $11) 24... Qc3 25. Bd7 Rcd8 {[%emt 0:01:16] [#]} (25... Rc7 $11) 26. Qxa7 (26. Re3 $1 $16 Qc7 27. Bxe6+ (27. Rxe6 Kh8 $14) 27... Kh8 28. Rxd8 Qxd8 29. Qxa7) 26... Kh8 $11 {[%emt 0:07:13] The position is equal.} 27. Re3 (27. Qxb6 $2 {perishes.} Rxd7 (27... Bxa3 28. Rxe6 Bxb4 29. Qe3 $11) 28. a4 f4 $19) 27... Qc2 28. Red3 e5 29. R3d2 Qc3 30. Qxb6 Bxa3 31. Rd3 Qxb4 32. Qxb4 Bxb4 {[%emt 0:00:03] [#]} 33. Bxf5 $1 Rxd3 34. Bxd3 Bc5 {[%emt 0:02:11] Weighted Error Value: White=0.12 (very precise) /Black=0.14 (very precise) .  Mistake:       	White=2     	Black=2      Inaccurate:     	White=2     	---        OK:         	White=11    	Black=14     Best:        	---       	Black=2} 1/2-1/2

[Event "XVI Memorial Lezcano Montalvo 2024"]
[Site "Gran Canaria"]
[Date "2024.03.27"]
[Round "5.4"]
[White "Fiorito, Francisco"]
[Black "Yankelevich, Lev"]
[Result "1-0"]
[ECO "A24"]
[WhiteElo "2368"]
[BlackElo "2412"]
[Annotator "TA"]
[PlyCount "112"]
[EventDate "2024.03.23"]
[EventType "swiss"]
[EventCountry "ESP"]
[SourceTitle "playchess.com"]
[Source "ChessBase"]
[SourceQuality "1"]
[TimeControl "5400+30"]

1. Nf3 Nf6 2. g3 g6 3. Bg2 Bg7 4. O-O O-O 5. c4 d6 6. Nc3 e5 7. d3 Re8 8. Rb1 a5 9. a3 c6 10. Bg5 h6 11. Bxf6 Bxf6 12. Nd2 Be6 {[%emt 0:02:27] A24: English Opening vs King's Indian: Lines without ...Nc6.} 13. b4 axb4 14. axb4 d5 15. cxd5 cxd5 16. e4 d4 17. Nd5 Nd7 18. Nc4 $146 ({Predecessor:} 18. Ra1 Rxa1 19. Qxa1 Be7 20. Qa4 Qb8 21. Qb5 Kg7 22. Nc4 Bf8 23. h3 Rc8 24. f4 exf4 25. gxf4 Bxd5 26. Qxd5 {0-1 Moor,R (2375)-Forster,R (2460) SUI-chT Switzerland 2001 (3.3)}) 18... Bxd5 19. exd5 Nb6 20. Na5 Qd7 21. d6 $1 Rab8 22. Rc1 Na4 23. Bc6 bxc6 24. Qxa4 Qxd6 25. Rxc6 Qd7 $1 26. b5 Bg7 (26... Kg7 $11) 27. Nc4 ({White should try} 27. Qc4 $16) 27... e4 $11 28. Nd6 Re5 29. Nxe4 Rbxb5 (29... Rexb5 $5 30. Rfc1 Rb2 $17) 30. Qa6 Kh7 31. Rfc1 Qh3 $2 (31... Ra5 $11 {and Black has nothing to worry.} 32. Qb6 Rf5) 32. Rc7 $18 Qf5 $2 (32... Qe6 {is a better chance.} 33. Qxe6 Rxe6 34. Rxf7 Kg8) 33. Nd6 $18 Qe6 34. Rxf7 Re1+ 35. Rxe1 Qxe1+ 36. Kg2 Rb1 {[%emt 0:00:11] [#]} 37. Ne4 $1 Qf1+ 38. Kf3 Qd1+ 39. Kf4 g5+ 40. Kf5 Qf3+ 41. Ke6 Qg4+ 42. Kd5 Qd1 43. Qa7 $2 (43. Nc5 $18 {has better winning chances. White threatens Qf6 and mate.} Qe2 44. f4 (44. Ne6 $2 Qe5+ 45. Kc4 Rc1+ 46. Kb4 Qb8+ 47. Rb7 Rb1+ 48. Kc5 Rxb7 $19) 44... Qf3+ 45. Kd6) 43... Qb3+ $16 44. Kd6 Qb6+ 45. Qxb6 Rxb6+ 46. Kd5 Rb2 (46... Kg8 $16 {was worth a try.} 47. Ra7 Rb5+ 48. Ke6 Re5+ 49. Kd7 g4) 47. Rc7 ({White should play} 47. f4 $18) 47... Rb1 (47... g4 $16 {was called for.} 48. Rc6 (48. Nf6+ Kg6 $11) 48... Rb5+ 49. Ke6 Re5+ 50. Kf7 Rf5+ 51. Nf6+ Bxf6 52. Rxf6 Re5) 48. Nc5 Kg6 49. Ne6 Bh8 50. g4 (50. Nxd4 Rd1 $11) 50... Rf1 $2 (50... Rb5+ 51. Rc5 Rb2) 51. Rc2 $2 (51. Nxd4 Bxd4 52. Kxd4 Rxf2 $11) (51. f4 $18 {is the precise move to win.} gxf4 52. h4 (52. Nxd4 Kg5 $11)) 51... Rd1 52. Rc6 (52. Nxd4 Rxd3 53. Rc6+ Bf6 $11) 52... Kf7 $2 (52... Kh7 $16) 53. Rc8 $18 ({Stronger than} 53. Nxd4 Rxd3 54. Rc4 Rd2 $11) 53... Bf6 54. Rc7+ ({Not} 54. Nxd4 Rxd3 55. Rc4 Rd2 $11) 54... Be7 55. Nxd4 Rxd3 $2 (55... Kf6 56. Rc6+ Kf7) 56. Ke4 $18 Rd2 1-0

[Event "XVI Memorial Lezcano Montalvo 2024"]
[Site "Gran Canaria"]
[Date "2024.03.27"]
[Round "5.5"]
[White "Oudeh Mishmesh, Omar"]
[Black "Tutisani, Noe"]
[Result "0-1"]
[ECO "B68"]
[WhiteElo "2301"]
[BlackElo "2405"]
[Annotator "TA"]
[PlyCount "88"]
[EventDate "2024.03.23"]
[EventType "swiss"]
[EventCountry "ESP"]
[SourceTitle "playchess.com"]
[Source "ChessBase"]
[SourceQuality "1"]
[TimeControl "5400+30"]

1. e4 c5 2. Nf3 d6 3. d4 cxd4 4. Nxd4 Nf6 5. Nc3 Nc6 6. Bg5 e6 7. Qd2 Be7 8. O-O-O a6 9. f4 Bd7 10. Be2 Rc8 11. Nxc6 (11. Nb3 $14) 11... Bxc6 $11 12. Bf3 O-O 13. e5 {[%emt 0:25:57] The position is equal.} dxe5 14. fxe5 {[%emt 0:00:26] Bxc6 would now be deadly.} Qxd2+ 15. Rxd2 {[%emt 0:01:48] [#]} Nd5 16. Bxe7 (16. Ne4 Bxg5) 16... Nxe7 17. Ne4 Rc7 18. Re1 b5 19. Rd6 Ng6 20. Ng5 Rfc8 21. Bxc6 Rxc6 22. Rxc6 Rxc6 {[%emt 0:00:03][%mdl 4096] Endgame. KRN-KRN} 23. Rd1 Kf8 24. Nxh7+ (24. Nf3 $11) 24... Ke7 $17 25. Ng5 Nxe5 26. Ne4 ({Better is} 26. g3) 26... Rc4 (26... Ng4 $142 $1 27. h3 Ne3) 27. Ng3 Ng4 28. h3 (28. Nf1 $142) 28... Ne3 29. Rd2 f5 30. Re2 (30. b3 $17 Rc6 31. Re2) 30... f4 $19 31. Nh5 (31. b3 {might work better.} Rd4 32. Rd2 Rxd2 33. Kxd2) 31... g5 32. h4 Rd4 $1 (32... gxh4 33. b3 Re4 34. Nxf4 $11) 33. Rd2 f3 34. gxf3 (34. Rxd4 $2 fxg2 35. Kd2 g1=Q $19 (35... g1=B $2 36. Re4 $18)) 34... Rxh4 {[%emt 0:00:03] Black is more active.} 35. Ng3 {[%emt 0:00:06] Repels Rh1+} Rh3 36. Re2 Rxg3 37. Rxe3 {[%emt 0:00:03] [#] KR-KR} g4 $1 38. Kd2 {[%emt 0:01:27] [#]} Rg2+ ({Don't take} 38... Rxf3 39. Rxf3 gxf3 40. Ke3 $11) 39. Kd3 g3 {[%emt 0:00:10] aiming for ...Rf2.} 40. Re4 $2 {[%emt 0:05:26] Loses the game.} (40. f4 $17) 40... Rf2 41. Rg4 g2 (41... Rxf3+ 42. Ke4 Rf2 43. Rxg3 $17) 42. b4 Kf6 {[%emt 0:00:27] Wards off Rg7. Black is clearly winning.} ({Weaker is} 42... Rxf3+ 43. Ke2 $17) 43. c3 Rxf3+ ({Less strong is} 43... Rxa2 44. Ke3 $17) 44. Ke2 Rxc3 {[%emt 0:00:05] Weighted Error Value: White=0.34/Black=0.14 (very precise) .  Loses game:     	White=1     	---        Mistake:       	White=5     	Black=1      Inaccurate:     	---       	Black=1      OK:         	White=12    	Black=9      Best:        	White=2     	Black=6      Strong:       	---       	Black=2} 0-1

[Event "XVI Memorial Lezcano Montalvo 2024"]
[Site "Gran Canaria"]
[Date "2024.03.27"]
[Round "5.6"]
[White "Fiorito, Fabian"]
[Black "Omelja, Artem"]
[Result "1/2-1/2"]
[ECO "C01"]
[WhiteElo "2251"]
[BlackElo "2438"]
[Annotator "TA"]
[PlyCount "43"]
[EventDate "2024.03.23"]
[EventType "swiss"]
[EventCountry "ESP"]
[SourceTitle "playchess.com"]
[Source "ChessBase"]
[SourceQuality "1"]
[TimeControl "5400+30"]

1. e4 e6 2. d4 d5 3. exd5 exd5 4. Nf3 Nc6 5. Be2 Bd6 6. O-O Nge7 7. c4 dxc4 8. Bxc4 O-O 9. h3 Nf5 10. Bg5 Qd7 11. d5 Ne5 12. Nxe5 Bxe5 13. Nc3 {[%emt 0:00:20] Dodges b5} h6 14. Bd2 Nd6 15. Bd3 Qd8 16. Qh5 Qf6 17. Rae1 Bf5 (17... Bd4 {looks sharper.} 18. Be3 Bd7 19. Bxd4 Qxd4 20. Qd1 Qb6) 18. Bxf5 Bxc3 19. Bxc3 Qxf5 20. Qxf5 Nxf5 21. Re5 Nd6 22. Rc1 {[%emt 0:00:59] Weighted Error Value: White=0.04 (flawless) /Black=0.11 (very precise) .  Inaccurate:     	White=1     	Black=2      OK:         	White=6     	Black=5} 1/2-1/2

[Event "XVI Memorial Lezcano Montalvo 2024"]
[Site "Gran Canaria"]
[Date "2024.03.27"]
[Round "5.7"]
[White "Strikovic, Aleksa"]
[Black "Calzetta Ruiz, Monica"]
[Result "1-0"]
[ECO "D30"]
[WhiteElo "2430"]
[BlackElo "2239"]
[Annotator "TA"]
[PlyCount "69"]
[EventDate "2024.03.23"]
[EventType "swiss"]
[EventCountry "ESP"]
[SourceTitle "playchess.com"]
[Source "ChessBase"]
[SourceQuality "1"]
[TimeControl "5400+30"]

1. c4 e6 2. Nf3 d5 3. g3 c5 4. cxd5 exd5 5. d4 Nc6 6. Bg2 Nf6 7. O-O Be7 8. dxc5 Bxc5 9. Qc2 Bb6 10. Nc3 Be6 11. Na4 O-O 12. Nxb6 {[%emt 0:05:22] White has an edge.} Qxb6 13. Bg5 Ne4 14. Be3 Qa6 15. b3 Rac8 16. Qb2 Rfe8 17. Rfd1 Nb4 18. Nd4 {[%emt 0:02:45] Dodges Nc2. Hoping for a3.} Nc3 {[%emt 0:00:28] White now steadily converts the win.} (18... Bd7 $14) 19. Rdc1 Ncxa2 (19... Nb5 $16) 20. Rxc8 $18 Rxc8 21. Bd2 {[%emt 0:00:23] [#] Bxb4 would now be deadly. A strong pair of Bishops.} Qb6 22. e3 ({Weaker is} 22. Rxa2 Nxa2 23. Nxe6 Qxe6 $16) 22... a6 23. Rxa2 $40 {[%emt 0:00:33][%mdl 128] White has strong attack.} Nxa2 24. Qxa2 h6 25. h3 Rc5 26. Qa1 Qc7 27. b4 Rc4 28. Bf1 Qe5 29. Bxc4 dxc4 30. Kg2 g5 (30... Bc8 $142 31. f3 Be6) 31. Qc3 {[%emt 0:02:30] White is clearly winning.} Bd5+ 32. f3 h5 33. e4 h4 34. gxh4 gxh4 35. Nf5 {[%emt 0:00:08] Weighted Error Value: White=0.04 (flawless) /Black=0.39.  Mistake:       	---       	Black=3      Inaccurate:     	White=1     	Black=1      OK:         	White=11    	Black=3      Best:        	White=3     	---} 1-0

[Event "XVI Memorial Lezcano Montalvo 2024"]
[Site "Gran Canaria"]
[Date "2024.03.27"]
[Round "5.8"]
[White "Fiorito, Joaquin"]
[Black "Hernandez Leon, Alberto"]
[Result "0-1"]
[ECO "B33"]
[WhiteElo "2409"]
[BlackElo "2207"]
[Annotator "TA"]
[PlyCount "82"]
[EventDate "2024.03.23"]
[EventType "swiss"]
[EventCountry "ESP"]
[SourceTitle "playchess.com"]
[Source "ChessBase"]
[SourceQuality "1"]
[TimeControl "5400+30"]

1. e4 c5 2. Nf3 e6 3. d4 cxd4 4. Nxd4 Nf6 5. Nc3 Nc6 6. Ndb5 d6 7. Bf4 e5 8. Bg5 a6 9. Na3 b5 10. Nd5 Be7 11. Bxf6 Bxf6 12. c3 Bg5 13. Nc2 O-O 14. Bd3 Kh8 15. a4 bxa4 16. Rxa4 a5 {[%emt 0:00:25] White is slightly better.} 17. O-O Be6 18. Nce3 Rb8 19. Nc4 {[%emt 0:07:05] A dynamic duo of knights.} f5 20. b4 (20. Qe2 $14) 20... axb4 $15 21. Ra6 Bxd5 22. exd5 Ne7 23. cxb4 Rxb4 24. Qe1 {[%emt 0:15:55] [#]} (24. Re1 $15) 24... Qb8 $1 $17 {[%emt 0:11:27] And now ...e4 would win.} (24... Nxd5 $2 25. Rxd6 Qc8 26. Rxd5 $18) 25. f4 {[%emt 0:03:24] [#]} exf4 ({Inferior is} 25... Bxf4 26. Rxf4 exf4 (26... Nxd5 27. Rf2 $16) 27. Qxe7 $11) ({Black should try} 25... Bf6 $1 $19 {...e4 is the strong threat.} 26. fxe5 Bxe5) 26. Kh1 {[%emt 0:04:49] Loses the game.} (26. Qe6 $17) 26... Nxd5 $19 27. Ra5 {[%emt 0:00:10] [#]} Rxc4 $1 28. Bxc4 (28. Rxd5 Rc5) 28... Ne3 29. Bd5 (29. Be2) 29... Bd8 (29... Nxf1 $2 30. Qxf1 (30. Ra8 $2 Qxa8 31. Bxa8 Rxa8 $19) 30... Qc7 31. Ra1 $19) 30. Ra1 ({But not} 30. Ra8 Qb5 31. Rxf4 Qxd5) 30... Nxd5 31. Qe6 Ne3 32. Rxf4 Qb2 33. Rg1 Qe5 34. Qxe5 dxe5 35. Rf3 Bb6 36. Re1 f4 37. g3 g5 {[%emt 0:00:23] White must now prevent ...e4.} 38. gxf4 gxf4 {[%emt 0:00:55] ( -> ...e4)} 39. Rh3 f3 {[%emt 0:00:51] Black mates.} 40. Rg1 f2 41. Rg8+ Rxg8 {[%emt 0:00:39] Weighted Error Value: White=0.73/Black=0.14 (very precise) .  Mistake:       	White=4     	Black=1      Inaccurate:     	White=2     	---        OK:         	White=5     	Black=11     Best:        	---       	Black=2      Strong:       	---       	Black=1} 0-1

[Event "XVI Memorial Lezcano Montalvo 2024"]
[Site "Gran Canaria"]
[Date "2024.03.27"]
[Round "5.9"]
[White "Marrero Rodriguez, Jorge"]
[Black "Sanz Wawer, Daniel"]
[Result "0-1"]
[ECO "B10"]
[WhiteElo "2177"]
[BlackElo "2397"]
[Annotator "RC"]
[PlyCount "66"]
[EventDate "2024.03.23"]
[EventType "swiss"]
[EventCountry "ESP"]
[SourceTitle "playchess.com"]
[Source "ChessBase"]
[SourceQuality "1"]
[TimeControl "5400+30"]

1. e4 c6 2. Nf3 d5 3. d3 dxe4 4. dxe4 Qxd1+ 5. Kxd1 Nf6 6. Nfd2 g5 7. a4 Bg7 8. c3 Nbd7 9. Kc2 Ng4 10. Be2 Nc5 11. Bxg4 Bxg4 12. f3 Be6 13. b4 Na6 14. Ra3 O-O-O 15. Nf1 g4 16. Be3 gxf3 17. gxf3 Bc4 18. Nbd2 Bd3+ 19. Kc1 Bxf1 20. Nxf1 Rd3 21. Kc2 Nxb4+ 22. Kc1 Bxc3 23. Bc5 Rhd8 24. Ng3 Rd2 25. Rb3 Nd3+ 26. Kb1 Nxc5 27. Rxc3 Nxa4 28. Ra3 b5 29. Rc1 Kb7 30. Nf5 e6 31. Ne7 c5 32. Rb3 b4 33. e5 R2d7 0-1

[Event "XVI Memorial Lezcano Montalvo 2024"]
[Site "Gran Canaria"]
[Date "2024.03.27"]
[Round "5.10"]
[White "Barlov, Dragan"]
[Black "Hernandez Leon, Sergio"]
[Result "1-0"]
[ECO "C60"]
[WhiteElo "2387"]
[BlackElo "2172"]
[Annotator "RC"]
[PlyCount "97"]
[EventDate "2024.03.23"]
[EventType "swiss"]
[EventCountry "ESP"]
[SourceTitle "playchess.com"]
[Source "ChessBase"]
[SourceQuality "1"]
[TimeControl "5400+30"]

1. e4 e5 2. Nf3 Nc6 3. Bb5 g6 4. O-O Bg7 5. c3 d6 6. d4 Bd7 7. Be3 Nf6 8. dxe5 Nxe5 9. Nxe5 dxe5 10. Bxd7+ Qxd7 11. Qb3 O-O 12. Rd1 Qc6 13. f3 Rfd8 14. Na3 b6 15. Qc4 Qxc4 16. Nxc4 Ne8 17. Kf1 Kf8 18. Ke2 Ke7 19. a4 Rxd1 20. Rxd1 Rd8 21. Ra1 Ke6 22. g4 Nd6 23. Nxd6 Kxd6 24. h4 h6 25. b4 Bf6 26. Rh1 Bg7 27. h5 g5 28. Rd1+ Ke7 29. Ra1 Kd7 30. a5 Kc8 31. axb6 axb6 32. Ra8+ Kd7 33. Ra7 Rb8 34. Kd3 Kc6 35. b5+ Kd7 36. Kc4 Bf8 37. Kd5 f6 38. c4 Be7 39. c5 bxc5 40. Kc4 Rb6 41. Ra8 Bd8 42. Bxc5 Re6 43. Ra7 Kc8 44. Kd5 Re8 45. b6 Kb8 46. bxc7+ Bxc7 47. Kc6 Bd8 48. Rh7 Re6+ 49. Kd7 1-0

[Event "XVI Memorial Lezcano Montalvo 2024"]
[Site "Gran Canaria"]
[Date "2024.03.27"]
[Round "5.11"]
[White "Mendez Acosta, Alexander Jesus"]
[Black "Garcia Blanco, Omar"]
[Result "0-1"]
[ECO "A88"]
[WhiteElo "2025"]
[BlackElo "2377"]
[Annotator "RC"]
[PlyCount "34"]
[EventDate "2024.03.23"]
[EventType "swiss"]
[EventCountry "ESP"]
[SourceTitle "playchess.com"]
[Source "ChessBase"]
[SourceQuality "1"]
[TimeControl "5400+30"]

1. c4 f5 2. Nc3 Nf6 3. g3 d6 4. d4 g6 5. Bg2 Bg7 6. Nf3 O-O 7. O-O c6 8. d5 e5 9. dxe6 Bxe6 10. b3 Na6 11. Nd4 Bd7 12. Bb2 Qe7 13. Qc2 Rae8 14. Rfe1 Ng4 15. Nf3 Nc5 16. h3 Nxf2 17. Kxf2 Bxc3 0-1

[Event "XVI Memorial Lezcano Montalvo 2024"]
[Site "Gran Canaria"]
[Date "2024.03.27"]
[Round "5.12"]
[White "Akhvlediani, Irakli"]
[Black "Cruz Pino, Adrian"]
[Result "1-0"]
[ECO "A22"]
[WhiteElo "2356"]
[BlackElo "2015"]
[Annotator "RC"]
[PlyCount "89"]
[EventDate "2024.03.23"]
[EventType "swiss"]
[EventCountry "ESP"]
[SourceTitle "playchess.com"]
[Source "ChessBase"]
[SourceQuality "1"]
[TimeControl "5400+30"]

1. c4 Nf6 2. Nc3 e5 3. g3 Bb4 4. Bg2 O-O 5. e4 Re8 6. Nge2 d6 7. O-O Nc6 8. d3 a6 9. h3 Bc5 10. a3 Nd4 11. b4 Ba7 12. Be3 c6 13. Bxd4 exd4 14. Nb1 c5 15. Nd2 Nd7 16. Nf4 Nf8 17. Rb1 Rb8 18. b5 axb5 19. cxb5 Bb6 20. Nc4 Be6 21. Nxe6 fxe6 22. f4 Ba5 23. Qg4 Re7 24. Rb2 Bc3 25. Re2 Nd7 26. Nxd6 Nf6 27. Qh4 Qxd6 28. e5 Qb6 29. exf6 gxf6 30. Qxf6 Rbe8 31. f5 Rf7 32. Qg5+ Rg7 33. Qh5 Rf8 34. Rxe6 Qc7 35. g4 Bd2 36. Re8 Rg5 37. Rxf8+ Kxf8 38. Qh6+ Ke8 39. Qe6+ Kf8 40. Qf6+ Qf7 41. Qxf7+ Kxf7 42. Bxb7 h5 43. Bf3 hxg4 44. hxg4 Kf6 45. Kf2 1-0

[Event "XVI Memorial Lezcano Montalvo 2024"]
[Site "Gran Canaria"]
[Date "2024.03.27"]
[Round "5.13"]
[White "Bergero, Simone"]
[Black "Loiacono, Leonardo"]
[Result "1/2-1/2"]
[ECO "C02"]
[WhiteElo "2022"]
[BlackElo "2316"]
[Annotator "RC"]
[PlyCount "92"]
[EventDate "2024.03.23"]
[EventType "swiss"]
[EventCountry "ESP"]
[SourceTitle "playchess.com"]
[Source "ChessBase"]
[SourceQuality "1"]
[TimeControl "5400+30"]

1. d4 e6 2. e4 d5 3. e5 c5 4. c3 Qb6 5. Nf3 Bd7 6. Bd3 Bb5 7. O-O Bxd3 8. Qxd3 Qa6 9. Qc2 Nd7 10. Re1 Rc8 11. a4 cxd4 12. Nxd4 Ne7 13. Nb5 Nc6 14. f4 Bc5+ 15. Be3 O-O 16. Kh1 Bxe3 17. Rxe3 Nd4 18. Qd3 Nxb5 19. Qxb5 Qb6 20. Qxb6 Nxb6 21. Nd2 Nc4 22. Nxc4 Rxc4 23. g3 Rfc8 24. Rd3 Re4 25. Rd2 Rcc4 26. a5 Ra4 27. Rxa4 Rxa4 28. b4 Ra1+ 29. Kg2 Rc1 30. Rd3 Kf8 31. Kf3 Ke7 32. Ke3 Rc2 33. h4 Kd7 34. f5 Kc6 35. fxe6 fxe6 36. Kd4 Kd7 37. Rf3 Ke7 38. Re3 h5 39. Kc5 Rf2 40. Kb5 Kd7 41. c4 dxc4 42. Kxc4 Kc7 43. b5 Ra2 44. Kb4 Rb2+ 45. Kc4 Ra2 46. Kb4 Rb2+ 1/2-1/2

[Event "XVI Memorial Lezcano Montalvo 2024"]
[Site "Gran Canaria"]
[Date "2024.03.27"]
[Round "5.14"]
[White "Pleschke, Julius Jonas"]
[Black "Van Zyl-Rudd, Jack"]
[Result "1/2-1/2"]
[ECO "E04"]
[WhiteElo "1993"]
[BlackElo "2264"]
[Annotator "RC"]
[PlyCount "88"]
[EventDate "2024.03.23"]
[EventType "swiss"]
[EventCountry "ESP"]
[SourceTitle "playchess.com"]
[Source "ChessBase"]
[SourceQuality "1"]
[TimeControl "5400+30"]

1. Nf3 d5 2. d4 Nf6 3. c4 e6 4. g3 dxc4 5. Bg2 Bb4+ 6. Bd2 a5 7. a3 Bd6 8. Qc2 O-O 9. Qxc4 Nc6 10. O-O e5 11. dxe5 Nxe5 12. Nxe5 Bxe5 13. Bc3 Qe7 14. Qb3 c6 15. Qc2 Re8 16. e4 h5 17. Nd2 h4 18. Bxe5 Qxe5 19. Nf3 Qxe4 20. Qxe4 Rxe4 21. Nxh4 Re2 22. b4 Be6 23. bxa5 Rxa5 24. Rab1 Ra7 25. Nf3 Ra2 26. Ng5 Bd5 27. Bxd5 Nxd5 28. Rfe1 g6 29. Re8+ Kg7 30. Rb8 b5 31. Rc1 Rc7 32. Ne4 Re7 33. Nc3 Rxa3 34. Nxd5 cxd5 35. Rxb5 Rd7 36. Rd1 d4 37. Kg2 d3 38. Rd2 Rc3 39. Rbb2 Rd6 40. Kf3 Re6 41. Rb1 Rf6+ 42. Ke3 Re6+ 43. Kf3 Rf6+ 44. Ke3 Re6+ 1/2-1/2

[Event "XVI Memorial Lezcano Montalvo 2024"]
[Site "Gran Canaria"]
[Date "2024.03.27"]
[Round "5.15"]
[White "Perez Bolanos, David"]
[Black "Garcia Padron, Jose"]
[Result "0-1"]
[ECO "D28"]
[WhiteElo "2053"]
[BlackElo "2385"]
[Annotator "RC"]
[PlyCount "126"]
[EventDate "2024.03.23"]
[EventType "swiss"]
[EventCountry "ESP"]
[SourceTitle "playchess.com"]
[Source "ChessBase"]
[SourceQuality "1"]
[TimeControl "5400+30"]

1. d4 d5 2. c4 dxc4 3. Nf3 Nf6 4. e3 e6 5. Bxc4 c5 6. Nc3 a6 7. O-O Nc6 8. Qe2 b5 9. Bb3 Bb7 10. Rd1 Qc7 11. d5 exd5 12. Nxd5 Nxd5 13. Bxd5 Be7 14. b3 O-O 15. Bb2 Rad8 16. e4 Nb4 17. Be5 Qb6 18. Bxb7 Qxb7 19. Bc3 Nc6 20. Qb2 f6 21. Qe2 Rfe8 22. Rxd8 Nxd8 23. Rd1 Bf8 24. e5 Nf7 25. Rd3 Qe7 26. Re3 f5 27. a4 bxa4 28. bxa4 Qe6 29. Nd2 g6 30. Qc4 Bh6 31. Re2 Bg7 32. Qxe6 Rxe6 33. Nc4 g5 34. g3 g4 35. Kg2 h5 36. a5 Ng5 37. Nd6 Nf3 38. Nc4 Kf7 39. h4 Ke7 40. Kf1 Kd7 41. Re3 Kc6 42. Ke2 Re8 43. Nd6 Re6 44. Nc4 Kb5 45. Nd6+ Kc6 46. Nc4 Bh6 47. Rd3 Kb5 48. Nd6+ Ka4 49. Nf7 Bg7 50. Ng5 Re7 51. Nxf3 gxf3+ 52. Kxf3 Bxe5 53. Re3 Bd6 54. Rd3 Re6 55. Rd5 Kb3 56. Bd2 c4 57. Rxf5 Re5 58. Rf6 Rd5 59. Bh6 c3 60. Ke4 Kc4 61. f4 Rd4+ 62. Kf3 c2 63. f5 Kd5 0-1

[Event "XVI Memorial Lezcano Montalvo 2024"]
[Site "Gran Canaria"]
[Date "2024.03.27"]
[Round "5.16"]
[White "Hernando Rodrigo, Jose Maria"]
[Black "Sosa Suarez, Carla Cristina"]
[Result "1-0"]
[ECO "A21"]
[WhiteElo "2257"]
[BlackElo "1980"]
[Annotator "RC"]
[PlyCount "69"]
[EventDate "2024.03.23"]
[EventType "swiss"]
[EventCountry "ESP"]
[SourceTitle "playchess.com"]
[Source "ChessBase"]
[SourceQuality "1"]
[TimeControl "5400+30"]

1. c4 d6 2. Nc3 e5 3. Nf3 f5 4. g3 Nf6 5. Bg2 Be7 6. O-O O-O 7. b4 a5 8. bxa5 Rxa5 9. a4 Nbd7 10. d4 exd4 11. Nxd4 Nc5 12. Nb3 Ra6 13. Nxc5 dxc5 14. Qc2 c6 15. Bf4 Qe8 16. e4 fxe4 17. Nxe4 Nxe4 18. Bxe4 Qh5 19. Rfe1 Bf6 20. Bd6 Rd8 21. Bc7 Rf8 22. Bd6 Rd8 23. Rad1 Bg4 24. Rd2 Raa8 25. Qb3 Re8 26. Qxb7 Bc3 27. Bf4 Bxd2 28. Bxd2 Rab8 29. Qxc6 Kh8 30. a5 Re6 31. Qa4 Rbe8 32. a6 Bf3 33. Bxf3 Rxe1+ 34. Bxe1 Rxe1+ 35. Kg2 1-0

[Event "XVI Memorial Lezcano Montalvo 2024"]
[Site "Gran Canaria"]
[Date "2024.03.27"]
[Round "5.17"]
[White "Damia, Angelo"]
[Black "Zhou, Lepu Coco"]
[Result "0-1"]
[ECO "B45"]
[WhiteElo "2240"]
[BlackElo "1980"]
[Annotator "RC"]
[PlyCount "120"]
[EventDate "2024.03.23"]
[EventType "swiss"]
[EventCountry "ESP"]
[SourceTitle "playchess.com"]
[Source "ChessBase"]
[SourceQuality "1"]
[TimeControl "5400+30"]

1. e4 c5 2. Nf3 e6 3. d4 cxd4 4. Nxd4 Nf6 5. Nc3 Nc6 6. a3 d5 7. Bb5 Bd7 8. exd5 Nxd5 9. Nxd5 exd5 10. O-O Be7 11. Be3 Bf6 12. Nb3 d4 13. Bxd4 Nxd4 14. Nxd4 O-O 15. Bxd7 Qxd7 16. c3 Rfe8 17. Nb3 Qb5 18. a4 Qc4 19. Nd2 Qa6 20. Re1 Red8 21. Qe2 Qc6 22. Nf3 Rd5 23. Qc2 g6 24. Re4 Rad8 25. Rae1 Kg7 26. c4 Rd3 27. R4e3 Qd7 28. g3 Qf5 29. Rxd3 Qxd3 30. Qxd3 Rxd3 31. Re3 Rxe3 32. fxe3 Bxb2 33. Ng5 Ba3 34. Kf2 h6 35. Ne4 f5 36. Nc3 Kf6 37. e4 Ke5 38. exf5 gxf5 39. Ke3 Bc5+ 40. Kd3 Bg1 41. h3 Bf2 42. g4 fxg4 43. hxg4 Kf4 44. Ne4 Bg1 45. Nd6 Kxg4 46. Nxb7 h5 47. c5 Kf5 48. c6 Ke6 49. Ke4 Bb6 50. a5 Bc7 51. a6 h4 52. Kf3 h3 53. Nc5+ Kd5 54. Nd3 Kxc6 55. Nf2 h2 56. Kg2 Kb5 57. Ne4 Kxa6 58. Nc3 Ka5 59. Nd5 Be5 60. Ne7 Kb5 0-1

[Event "XVI Memorial Lezcano Montalvo 2024"]
[Site "Gran Canaria"]
[Date "2024.03.27"]
[Round "5.18"]
[White "Estremera Panos, Sergio"]
[Black "Martin Ramos, Daniel"]
[Result "1/2-1/2"]
[ECO "E51"]
[WhiteElo "2233"]
[BlackElo "1961"]
[Annotator "RC"]
[PlyCount "47"]
[EventDate "2024.03.23"]
[EventType "swiss"]
[EventCountry "ESP"]
[SourceTitle "playchess.com"]
[Source "ChessBase"]
[SourceQuality "1"]
[TimeControl "5400+30"]

1. d4 Nf6 2. c4 e6 3. Nc3 Bb4 4. e3 O-O 5. Bd2 d5 6. Nf3 c5 7. a3 Bxc3 8. Bxc3 Ne4 9. Rc1 Nxc3 10. Rxc3 cxd4 11. Nxd4 dxc4 12. Bxc4 e5 13. Nb5 Qxd1+ 14. Kxd1 Nc6 15. Ke2 Rd8 16. Rd1 Rxd1 17. Kxd1 Bf5 18. Ke1 Rd8 19. Rc1 Kf8 20. Rd1 Rxd1+ 21. Kxd1 Ke7 22. Bd5 Bd7 23. Kd2 a6 24. Nc3 1/2-1/2